 Dungeon Crawl Stone Soup version 0.17.0-7-gfadd4cc (webtiles) character file.

231 septik the Skirmisher (level 6, -5/39 HPs)
             Began as a Gargoyle Fighter on Nov 9, 2015.
             Was an Initiate of Okawaru.
             Slain by an ogre
             ... wielding a +0 giant club
              (17 damage)
             ... on level 4 of the Dungeon.
             The game lasted 00:06:00 (2464 turns).

septik the Skirmisher (Gargoyle Fighter)            Turns: 2464, Time: 00:06:01

Health: -5/39      AC: 18    Str: 21    XL:     6   Next: 3%
Magic:  6/6        EV:  4    Int:  8    God:    Okawaru [......]
Gold:   129        SH:  9    Dex: 10    Spells: 0 memorised, 5 levels left

rFire  . . .     SeeInvis .     a - +0 war axe
rCold  . . .     Clarity  .     o - +0 plate armour
rNeg   + . .     SustAt   .     c - +0 shield
rPois  ∞         Gourm    .     (no helmet)
rElec  +         Spirit   .     j - +1 cloak
rCorr  .         Warding  .     (no gloves)
rMut   .         Stasis   .     (no boots)
MR     .....                    (no amulet)
Stlth  ..........               (no ring)
                                (no ring)

@: not resistant to hostile enchantments, extremely unstealthy
A: negative energy resistance 1, electricity resistance, unbreathing,
petrification resistance, rot immunity, AC +4
a: Renounce Religion


You were on level 4 of the Dungeon.
You worshipped Okawaru.
Okawaru was noncommittal.
You were not hungry.

You visited 1 branch of the dungeon, and saw 4 of its levels.

You collected 129 gold pieces.

Inventory:

Hand Weapons
 a - a +0 war axe (weapon)
Missiles
 f - 11 silver sling bullets
 i - 147 stones (quivered)
Armour
 b - a +0 scale mail
 c - a +0 shield (worn)
 j - a +1 cloak (worn)
 o - a +0 plate armour (worn)
Scrolls
 g - a scroll of remove curse
 m - 2 scrolls of identify {unknown}
 n - a scroll of teleportation {unknown}
 p - 4 scrolls of recharging {unknown}
 q - 2 scrolls of amnesia {unknown}
Potions
 d - a potion of might
 k - a potion of flight {unknown}
 r - a potion of experience {unknown}
Comestibles
 e - 6 bread rations
 h - 2 royal jellies
 l - a slice of pizza
 t - 3 chunks of flesh


   Skills:
 + Level 4.4 Fighting
 * Level 3.6 Axes
 + Level 4.2 Armour
 + Level 4.3 Shields


You had 5 spell levels left.
You didn't know any spells.

Dungeon Overview and Level Annotations

Branches:
Dungeon (4/15)
 Temple: D:4-7

Altars:
Okawaru
Sif Muna
Zin
The Shining One

Annotations:
D:3 Grinder


Innate Abilities, Weirdness & Mutations

You are resistant to torment.
Your stone body is resilient (AC +4).
You are immune to poison.
You resist negative energy.
You are resistant to electric shocks.
You can survive without breathing.
You are immune to petrification.
You are immune to rotting.


Message History

You block the orc priest's attack.
You slash the orc priest!
The orc priest is almost dead.
The orc priest mumbles some strange prayers to Beogh against you.
Something smites you!
You closely miss the orc priest.
The orc priest is almost dead.
You block the orc priest's attack.
You slash the orc priest!
You kill the orc priest!
Okawaru accepts your kill.
You have reached level 6!
Your experience leads to an increase in your attributes!
Increase (S)trength, (I)ntelligence, or (D)exterity?
You feel agile.
Your shield and plate armour prevent you from hitting the ogre.
The ogre hits you with a giant club!
* * * LOW HITPOINT WARNING * * *
The ogre hits you with a giant club!
You die...

#.####......#####.#.<#....
#.................#...####
#.#..##...##.#####.....#
#....#.....#..# ##...##
#......._.....# #.......
.#..#.....#..# ##.#####
##.##...##.## #.#
#.........# #+#
###...@.### ##.O...#
#)##..# ######.#...####
..........†...>+
#.###.......#### #.###o.##
... #.## ..._. #.#


You could see an ogre.

Vanquished Creatures
  An orc priest (D:4)
  2 worker ants (D:4)
  A hound skeleton (D:4)
  4 adders
  7 worms
  6 orcs (D:3)
  9 bats
  4 giant cockroaches
  14 goblins
  9 hobgoblins
  4 jackals (D:2)
  6 kobolds
  A quokka (D:3)
  3 giant geckos
  3 giant newts
  9 rats
83 creatures vanquished.

Notes
Turn   | Place    | Note
--------------------------------------------------------------
     0 | D:1      | septik the Gargoyle Fighter began the quest for the Orb.
     0 | D:1      | Reached XP level 1. HP: 14/14 MP: 1/1
   117 | D:1      | Reached XP level 2. HP: 16/19 MP: 2/2
   555 | D:2      | Reached XP level 3. HP: 23/23 MP: 3/3
   631 | D:2      | Found a faded altar to an unknown god.
   942 | D:2      | Reached XP level 4. HP: 25/29 MP: 4/4
  1079 | D:2      | Reached skill level 4 in Fighting
  1498 | D:3      | Noticed Grinder
  1984 | D:3      | Reached XP level 5. HP: 33/33 MP: 5/5
  2404 | D:4      | Found an iron altar of Okawaru.
  2415 | D:4      | Became a worshipper of Warmaster Okawaru
  2422 | D:4      | Found a deep blue altar of Sif Muna.
  2434 | D:4      | Found a glowing silver altar of Zin.
  2435 | D:4      | Found a glowing golden altar of the Shining One.
  2453 | D:4      | Noticed an ogre
  2462 | D:4      | Reached XP level 6. HP: 27/39 MP: 6/6
  2464 | D:4      | Slain by an ogre

Action                   |  1- 3 |  4- 6 || total
-------------------------+-------+-------++-------
Melee: War axe           |   106 |   198 ||   304
  Use: Scroll            |       |     2 ||     2
  Eat: Chunk             |       |     6 ||     6
